 Dungeon Crawl Stone Soup version 0.27-a0-364-g31b3477 (webtiles) character file.

Game seed: 6200141284733703343

1428 MrTaco21 the Basher (level 8, -3/46 HPs)
             Began as a Gargoyle Fighter on Feb 16, 2021.
             Slain by Prince Ribbit (12 damage)
             ... on level 6 of the Dungeon.
             The game lasted 00:07:16 (7649 turns).

MrTaco21 the Basher (Gargoyle Fighter)              Turns: 7649, Time: 00:07:17

Health: -3/46      AC: 14    Str: 22    XL:     8   Next: 72%
Magic:  8/8        EV:  7    Int:  9    God:
Gold:   159        SH:  9    Dex:  9    Spells: 7/7 levels left

rFire    . . .     SeeInvis .   a - +0 flail
rCold    . . .     Faith    .   c - +0 kite shield
rNeg     + + .     Spirit   .   b - +0 scale mail
rPois    ∞         Reflect  .   r - +0 helmet
rElec    +         Harm     .   y - scarf {+Inv}
rCorr    .         Rampage  .   (no gloves)
Will     .....                  t - +0 pair of boots
Stlth    ..........             (no amulet)
HPRegen  0.15/turn              x - ring of positive energy
MPRegen  0.11/turn              (no ring)

@: no status effects
A: negative energy resistance 1, electricity resistance, unbreathing,
petrification resistance, miasma immunity, AC +5
a: Evoke Invisibility


You were on level 6 of the Dungeon.
You visited 1 branch of the dungeon, and saw 9 of its levels.

You collected 263 gold pieces.
You spent 104 gold pieces at shops.

Inventory:

Hand Weapons
 a - a +0 flail (weapon)
Missiles
 k - 25 poisoned darts (quivered)
Armour
 b - a +0 scale mail (worn)
 c - a +0 kite shield (worn)
 r - a +0 helmet (worn)
   (You found it on level 3 of the Dungeon)
 t - a +0 pair of boots (worn)
   (You found it on level 3 of the Dungeon)
 y - a scarf of invisibility (worn)
   (You found it on level 4 of the Dungeon)
Jewellery
 x - a ring of positive energy (left hand)
   (You found it on level 4 of the Dungeon)
Wands
 s - a wand of charming (12)
   (You found it on level 3 of the Dungeon)
 u - a wand of paralysis (8)
   (You found it on level 3 of the Dungeon)
 v - a wand of digging (6)
   (You took it off Ijyb on level 3 of the Dungeon)
Scrolls
 e - 2 scrolls of enchant weapon {unknown}
 h - 3 scrolls of fog {unknown}
 i - 2 scrolls of blinking {unknown}
 j - 7 scrolls of identify {unknown}
 l - 2 scrolls of teleportation {unknown}
 m - 2 scrolls of noise {unknown}
 p - 3 scrolls of immolation {unknown}
 A - a scroll of fear {unknown}
 C - a scroll of random uselessness {unknown}
 D - a scroll of magic mapping {unknown}
Potions
 d - a potion of might
 f - a potion of degeneration {unknown}
 g - 3 potions of haste {unknown}
 n - 2 potions of attraction {unknown}
 o - a potion of cancellation {unknown}
 q - 2 potions of heal wounds {@q2}
 w - 5 potions of curing {@q1}
 z - a potion of invisibility
 B - a potion of brilliance {unknown}


   Skills:
 - Level 3.2 Fighting
 + Level 10.6 Maces & Flails
 - Level 3.2 Armour
 - Level 3.2 Shields


You had 7 spell levels left.
You didn't know any spells.
Your spell library contained the following spells:

 Spells                   Type           Power        Failure   Level
 Confusing Touch          Hex            0%           100%        3
 Gell's Gravitas          Tloc           0%           100%        3
 Petrify                  Tmut/Erth      0%           100%        4
 Metabolic Englaciation   Hex/Ice        0%           100%        5
 Yara's Violent Unravell  Hex/Tmut       0%           100%        5


Dungeon Overview and Level Annotations

Branches:
Dungeon (9/15)
 Temple: D:4-7         Lair: D:8-11         Orc: D:9-12

Altars:
Ashenzari
Cheibriados
Ru
Xom

Shops:
D:4 !

Annotations:
D:4 3 runed translucent doors, lyrin's ghost, amateur DsGl
D:6 Pikel; Prince Ribbit


Innate Abilities, Weirdness & Mutations

You are resistant to torment.
Your stone body is resilient. (AC +5)
You are immune to poison.
You resist negative energy. (rN+)
You are resistant to electric shocks. (rElec)
You can survive without breathing.
You are immune to petrification.
You are immune to miasma.


Message History

No target in view!
No target in view!
No target in view!
No target in view!
No target in view!
Done exploring.
Done exploring.
Done exploring.
There is an open door here.
There is an open door here.
There is a stone staircase leading down here.
You climb downwards.
Level annotation: Pikel; Prince Ribbit
There is a stone staircase leading up here.
Found 7 gold pieces.
Prince Ribbit is nearby!
Prince Ribbit is nearby!
Prince Ribbit croaks.
Prince Ribbit blinks! x2
No target in view!
No target in view!
No target in view!
No target in view!
No target in view!
Found a faintly glowing dagger.
No target in view!
You now have 159 gold pieces (gained 7).
Found 13 gold pieces.
Found an escape hatch in the ceiling.
Prince Ribbit is nearby!
Prince Ribbit hits you!
You barely miss Prince Ribbit. Prince Ribbit barely misses you.
You closely miss Prince Ribbit. Prince Ribbit hits you. x2
You hit Prince Ribbit.
Prince Ribbit blinks!
You sock Prince Ribbit!
Prince Ribbit lets out a mournful croak.
Prince Ribbit hits you but does no damage.
You barely miss Prince Ribbit. Prince Ribbit hits you.
* * * LOW HITPOINT WARNING * * *
You completely miss Prince Ribbit. Prince Ribbit misses you.
Prince Ribbit hits you.
* * * LOW HITPOINT WARNING * * *
Unknown command.
You miss Prince Ribbit.
Prince Ribbit hits you but does no damage.
Unknown command.
You sock Prince Ribbit! Prince Ribbit hits you!
* * * LOW HITPOINT WARNING * * *
Prince Ribbit hits you!
You die...

#+# #.§########## #.#
#.(# #.#
#..############ #.#
#..#..........# #.#
#..#.########.# #.#
#.............# #.#
#§##.######.#.# #.# +#
#.##F# #.#.# #.# K# #.
#@# #.#.# #.# 5# #.#
#.#.# #.# .# #.#
#.#.###.### .# #.#
#.#.......# #.# #$...#
####.#####..## ..#
...<..).###...........#
###
........##............#
........##..##.########
#######
##########.(##.......#


You could see Prince Ribbit.

Vanquished Creatures
  Menkaure (D:6)
  A black bear (D:4)
  3 centaurs
  An ogre (D:5)
  3 lemures (D:5)
  4 bullfrogs
  A hound (D:5)
  A centaur skeleton (D:5)
  2 orc priests
  Ijyb (D:3)
  3 orc wizards
  6 worker ants
  4 gnolls (D:2)
  A howler monkey skeleton (D:7)
  5 adders
  3 shadow imps (D:5)
  2 oozes
  An adder zombie (D:5)
  An adder skeleton (D:4)
  8 worms
  2 dart slugs
  3 leopard geckos
  11 orcs
  A ball python (D:2)
  7 giant cockroaches
  7 goblins
  3 hobgoblins
  11 jackals
  9 kobolds
  3 quokkas
  11 bats
  11 frilled lizards
  A giant cockroach zombie (D:5)
  7 rats
139 creatures vanquished.

Vanquished Creatures (others)
  10 fungi (D:8)
  8 plants (D:8)
18 creatures vanquished.

Grand Total: 157 creatures vanquished

Notes
Turn   | Place    | Note
-------+----------+-------------------------------------------
     0 | D:1      | MrTaco21 the Gargoyle Fighter began the quest for the Orb.
     0 | D:1      | Reached XP level 1. HP: 14/14 MP: 1/1
   111 | D:1      | Reached XP level 2. HP: 14/19 MP: 2/2
   488 | D:1      | Found a snail-covered altar of Cheibriados.
   531 | D:1      | Reached skill level 3 in Maces & Flails
   887 | D:2      | Reached XP level 3. HP: 19/23 MP: 3/3
  1054 | D:2      | Reached skill level 4 in Maces & Flails
  1171 | D:2      | Reached XP level 4. HP: 20/28 MP: 4/4
  1661 | D:2      | Reached skill level 5 in Maces & Flails
  1710 | D:2      | Reached XP level 5. HP: 26/32 MP: 5/5
  2472 | D:3      | Noticed Ijyb
  2485 | D:3      | Killed Ijyb
  2571 | D:3      | Found a shimmering altar of Xom.
  3054 | D:4      | Found a broken altar of Ashenzari.
  3279 | D:4      | Found Ukaditot's Distillery.
  3288 | D:4      | Bought a potion of heal wounds for 65 gold pieces
  3288 | D:4      | Bought a potion of curing for 39 gold pieces
  3305 | D:4      | Found a runed translucent gate.
  3305 | D:4      | Found a runed translucent gate.
  3305 | D:4      | Found a runed translucent gate.
  3312 | D:4      | Found a sacrificial altar of Ru.
  3322 | D:4      | Reached skill level 6 in Maces & Flails
  3410 | D:4      | Noticed a black bear
  3426 | D:4      | Killed a black bear
  3427 | D:4      | Reached XP level 6. HP: 31/37 MP: 6/6
  3576 | D:4      | Reached skill level 7 in Maces & Flails
  3781 | D:4      | Noticed lyrin's ghost (amateur DsGl)
  3781 | D:4      | Noticed an ice beast
  4205 | D:5      | Entered Level 5 of the Dungeon
  4218 | D:5      | Reached XP level 7. HP: 24/41 MP: 7/7
  4353 | D:5      | Reached skill level 8 in Maces & Flails
  5427 | D:5      | Reached skill level 9 in Maces & Flails
  5507 | D:5      | Reached XP level 8. HP: 37/46 MP: 8/8
  6273 | D:6      | You fall into a shaft and drop 3 floors!
  6273 | D:9      | Noticed an eight-headed hydra
  6275 | D:9      | Noticed a yak
  6374 | D:8      | Reached skill level 10 in Maces & Flails
  6536 | D:6      | Noticed Menkaure
  6541 | D:6      | Noticed Prince Ribbit
  6547 | D:6      | Killed Menkaure
  7319 | D:6      | Noticed Pikel
  7649 | D:6      | Slain by Prince Ribbit

Illustrated notes

Levels and vault maps discovered:
D:1:      dpeg_arrival_solitude, layout_loops_ring, hangedman_decor_lopped,
          cheibriados_altar_1
D:2:      minmay_wonky_spiral, layout_basic, st_stairs_3,
          minmay_misc_feat_secret_circle
D:3:      layout_loops_corners, nicolae_overflow_crystal_walls,
          roderic_serpentine_path, uniq_ijyb
D:4:      layout_loops_ring, kennysheep_little_box,
          nicolae_ru_great_annihilating_truth, serial_shops, shop,
          gup_sewer_entry_bubbles, gammafunk_ghost_icy
D:5:      layout_basic
D:6:      layout_basic, temple_doors_cd, uniq_pikel, uniq_menkaure,
          uniq_prince_ribbit1
D:7:      layout_loops_ring, nicolae_gozag_cash_rules_everything_around_me,
          led_sif_pool, minmay_hollow_rounded_squares
D:8:      layout_rooms, marbit_many_paths, grunt_lair_entry_orc_guard_hut
D:9:      gammafunk_beogh_shrine, layout_long_grid, orc_0_dummy, minmay_radiant,
          uniq_harold

Skill      XL: |  1  2  3  4  5  6  7  8 |
---------------+-------------------------+-----
Maces & Flails | 3 4 5 6 7 9 10 | 10.6
Fighting       | |  3.2
Armour         | |  3.2
Shields        | |  3.2

Action                   |  1- 3 |  4- 6 |  7- 9 || total
-------------------------+-------+-------+-------++-------
Melee: Flail             |   126 |   323 |   245 ||   694
Throw: Dart              |       |       |     3 ||     3
 Stab: Paralysed         |       |     2 |       ||     2
       Invisible         |       |     1 |       ||     1
Armor: Scale mail        |   104 |   199 |   142 ||   445
Dodge: Dodged            |    50 |   104 |    85 ||   239
Block: Kite shield       |    78 |   177 |   156 ||   411

Table legend: (Time is in decaauts)
 A = Elapsed time spent in this place.
 B = Non-inter-level travel time spent in this place.
 C = Inter-level travel time spent in this place.
 D = Time resting spent in this place.
 E = Time spent auto-exploring this place.
 F = Levels seen in this place.
 G = Mean time per level.
                   A        B        C        D        E       F      G
               +--------+--------+--------+--------+--------+-----+--------+
         Total |   7892 |   7677 |    215 |   1904 |   4213 |   9 |  876.9 |
       Dungeon |   7892 |   7677 |    215 |   1904 |   4213 |   9 |  876.9 |
               +--------+--------+--------+--------+--------+-----+--------+

Top non-repeatable levels by time:
     D:5: 2503 daAuts
     D:4: 1454 daAuts
     D:1: 1079 daAuts
     D:3: 1055 daAuts
     D:2: 979 daAuts
     D:6: 586 daAuts
     D:8: 115 daAuts
     D:7: 112 daAuts
     D:9: 4 daAuts
